 Dungeon Sprint DCSS version 0.17.0-27-g4a3f43e (webtiles) character file.

5531 oplop the Unseen (level 10, -1/58 HPs)
             Began as a Spriggan Enchanter on Nov 21, 2015.
             Was a High Priest of Dithmenos.
             Engulfed by a cloud of steam (9 damage)
             ... in the Dungeon (Sprint I: "Red Sonja").
             The game lasted 00:05:06 (687 turns).

oplop the Unseen (Spriggan Enchanter)                Turns: 687, Time: 00:05:06

Health: -1/58      AC:  3    Str:  4    XL:     10   Next: 43%
Magic:  27/27      EV: 32    Int: 18    God:    Dithmenos [*****.]
Gold:   837        SH:  0    Dex: 19    Spells: 5 memorised, 21 levels left

rFire  . . .     SeeInvis +     n - +0 dagger (distort)
rCold  . . .     Clarity  .     b - +1 robe
rNeg   . . .     SustAt   .     (shield restricted)
rPois  .         Gourm    .     (helmet restricted)
rElec  .         Spirit   .     (no cloak)
rCorr  .         Warding  .     (gloves unavailable)
rMut   .         NoTele   +     (boots unavailable)
MR     +....                    (no amulet)
Stlth  ++++++++++               (no ring)
                                (no ring)

@: wreathed by umbra, very quick, somewhat resistant to hostile enchantments,
uncannily stealthy
A: unfitting armour, see invisible, herbivore 3, speed 3, slow metabolism 2
a: Shadow Step, Shadow Form, Renounce Religion


You were in the Dungeon.
You worshipped Dithmenos.
Dithmenos was extremely pleased with you.
You were not hungry.

You visited 1 branch You collected 837 gold pieces.

Inventory:

Hand Weapons
 a - a +1 dagger
 m - a +0 blowgun
 n - a +0 dagger of distortion (weapon)
Missiles
 o - 4 curare-tipped needles
Armour
 b - a +1 robe (worn)
Scrolls
 j - a scroll of blinking
Potions
 e - a potion of curing
 f - a potion of heal wounds
 g - 2 potions of haste
 h - 2 potions of magic
 i - a potion of berserk rage
 l - 2 potions of might {unknown}
 p - a potion of ambrosia {unknown}
Books
 c - a book of Maledictions

   Spells                             Type                      Level
   a - Corona                         Hexes                        1
   b - Ensorcelled Hibernation        Hexes/Ice                    2
   c - Confuse                        Hexes                        3
   d - Tukima's Dance                 Hexes                        3
   e - Dazzling Spray                 Conjuration/Hexes            3
Comestibles
 d - 2 bread rations
 q - 2 royal jellies


   Skills:
 + Level 9.1 Fighting
 - Level 9.1 Short Blades
 + Level 14.4 Dodging
 + Level 15.7 Stealth
 + Level 12.4 Spellcasting
 - Level 12.1 Hexes
 * Level 5.9 Invocations


You had 21 spell levels left.
You knew the following spells:

 Your Spells              Type           Power        Failure   Level  Hunger
a - Corona                Hex            ######.      1%          1    None
b - Ensorcelled Hibernat  Hex/Ice        ####..       1%          2    None
c - Confuse               Hex            ######..     1%          3    None
d - Tukima's Dance        Hex            ######..     1%          3    None
e - Dazzling Spray        Conj/Hex       ####....     1%          3    None


Dungeon Overview and Level Annotations

Branches:
Dungeon (1/1)

Altars:
Cheibriados
Dithmenos
Elyvilon
Fedhas
Gozag
Kikubaaqudgha
Makhleb
Nemelex Xobeh
Okawaru
Qazlal
Ru
Sif Muna
Trog
Vehumet
Xom
Yredelemnul
Zin
The Shining One
Jiyva

Shops:
D %}[


Innate Abilities, Weirdness & Mutations

You are tiny and cannot use many weapons and most armour.
You have supernaturally acute eyesight.
You are a herbivore.
You cover ground extremely quickly.
You need consume almost no food.


Message History

You are engulfed in a cloud of scalding steam.
Found 108 gold pieces.
You are engulfed in a cloud of scalding steam.
You see here 27 gold pieces.
You are engulfed in a cloud of scalding steam.
There is an open door here.
An arrow shoots out and hits you!
* * * LOW HITPOINT WARNING * * *
There is an arrow trap here.
Really walk into that arrow trap?
An arrow shoots out and misses you.
You are engulfed in a cloud of scalding steam.
* * * LOW HITPOINT WARNING * * *
There is an arrow trap here.
You are engulfed in a cloud of scalding steam.
* * * LOW HITPOINT WARNING * * *
There is an open door here.
You start resting.
You are engulfed in a cloud of scalding steam.
You die...

##########################
[.#§§§§§§§.§§§'.§#§^'.§$$#
#'#.####†§§§§##.@§§^#§§§§#
††#§# ##§§§#######+#§§§§§
††§§# ###+# #§§§§§# +####
##§§§§ §§ ##+# .§§ #§9.
..§# .§##


There were no monsters in sight!

Vanquished Creatures
  A hydra (D)
  Sonja (D)
  A lindwurm (D)
  4 demonic crawlers (D)
  2 kobold demonologists (D)
  A slime creature (D)
  12 hogs (D)
  Sigmund (D)
  A yak (D)
  An ogre (D)
  A jelly (D)
  Ijyb (D)
  2 giant eyeballs (D)
29 creatures vanquished.

Notes
Turn   | Place    | Note
--------------------------------------------------------------
     0 | D        | oplop the Spriggan Enchanter began the quest for the Orb.
     0 | D        | Reached XP level 1. HP: 9/9 MP: 5/5
     1 | D        | Noticed Ijyb
     8 | D        | Killed Ijyb
     8 | D        | Reached skill level 6 in Stealth
     8 | D        | Reached XP level 2. HP: 11/13 MP: 4/8
    12 | D        | Learned a level 2 spell: Ensorcelled Hibernation
    13 | D        | Noticed an ogre
    16 | D        | Killed an ogre
    16 | D        | Reached skill level 7 in Stealth
    16 | D        | Reached skill level 5 in Spellcasting
    16 | D        | Reached XP level 3. HP: 13/16 MP: 6/11
    16 | D        | Reached XP level 4. HP: 17/21 MP: 6/12
    21 | D        | Learned a level 3 spell: Confuse
    25 | D        | Learned a level 3 spell: Tukima's Dance
    29 | D        | Learned a level 3 spell: Dazzling Spray
    68 | D        | Noticed Sigmund
    71 | D        | Killed Sigmund
    71 | D        | Reached skill level 8 in Dodging
    71 | D        | Reached skill level 9 in Stealth
    71 | D        | Reached XP level 5. HP: 24/24 MP: 12/15
   115 | D        | Found a snail-covered altar of Cheibriados.
   115 | D        | Found a viscous altar of Jiyva.
   115 | D        | Found a shadowy altar of Dithmenos.
   115 | D        | Found a blossoming altar of Fedhas.
   115 | D        | Noticed a slime creature
   118 | D        | Killed a slime creature
   118 | D        | Reached skill level 10 in Stealth
   118 | D        | Reached XP level 6. HP: 27/32 MP: 15/17
   167 | D        | Became a worshipper of Dithmenos the Shadowed
   179 | D        | Noticed a kobold demonologist
   180 | D        | Noticed a kobold demonologist
   184 | D        | Killed a kobold demonologist
   184 | D        | Reached skill level 10 in Dodging
   184 | D        | Reached skill level 11 in Stealth
   184 | D        | Reached XP level 7. HP: 35/38 MP: 18/20
   185 | D        | Killed a kobold demonologist
   185 | D        | Reached * piety under Dithmenos
   185 | D        | Reached skill level 5 in Fighting
   214 | D        | Noticed a demonic crawler
   214 | D        | Noticed a demonic crawler
   214 | D        | Noticed a demonic crawler
   214 | D        | Noticed a demonic crawler
   216 | D        | Killed a demonic crawler
   216 | D        | Reached skill level 12 in Stealth
   216 | D        | Reached XP level 8. HP: 44/44 MP: 22/22
   217 | D        | Killed a demonic crawler
   217 | D        | Reached skill level 10 in Hexes
   219 | D        | Killed a demonic crawler
   219 | D        | Reached ** piety under Dithmenos
   219 | D        | Reached skill level 10 in Spellcasting
   220 | D        | Killed a demonic crawler
   220 | D        | Reached skill level 13 in Stealth
   236 | D        | Noticed a lindwurm
   238 | D        | Killed a lindwurm
   238 | D        | Reached *** piety under Dithmenos
   238 | D        | Reached XP level 9. HP: 50/50 MP: 24/24
   251 | D        | Noticed a gargoyle
   261 | D        | Noticed a hog
   261 | D        | Noticed a hog
   261 | D        | Noticed a hog
   261 | D        | Noticed a hog
   261 | D        | Noticed a hog
   263 | D        | Noticed a hog
   263 | D        | Killed a hog
   264 | D        | Killed a hog
   264 | D        | Reached skill level 14 in Stealth
   266 | D        | Noticed a hog
   266 | D        | Noticed a hog
   266 | D        | Noticed a hog
   267 | D        | Noticed a hog
   273 | D        | Killed a hog
   279 | D        | Killed a hog
   281 | D        | Noticed a hog
   281 | D        | Noticed a hog
   281 | D        | Noticed a hog
   281 | D        | Killed a hog
   281 | D        | Reached **** piety under Dithmenos
   291 | D        | Killed a hog
   294 | D        | Killed a hog
   316 | D        | Found a deep blue altar of Sif Muna.
   317 | D        | Noticed a jelly
   318 | D        | Found a radiant altar of Vehumet.
   324 | D        | Killed a jelly
   327 | D        | Found Ywookiom's Gadget Emporium.
   327 | D        | Found a white marble altar of Elyvilon.
   327 | D        | Found a burning altar of Makhleb.
   327 | D        | Found a sacrificial altar of Ru.
   327 | D        | Found a glowing golden altar of the Shining One.
   327 | D        | Found an opulent altar of Gozag.
   327 | D        | Found a glowing silver altar of Zin.
   327 | D        | Noticed a yak
   328 | D        | Found a stormy altar of Qazlal.
   328 | D        | Found a basalt altar of Yredelemnul.
   328 | D        | Found an iron altar of Okawaru.
   328 | D        | Found a sparkling altar of Nemelex Xobeh.
   328 | D        | Found a shimmering altar of Xom.
   328 | D        | Found an ancient bone altar of Kikubaaqudgha.
   329 | D        | Killed a yak
   329 | D        | Reached skill level 1 in Invocations
   330 | D        | Found a bloodstained altar of Trog.
   355 | D        | Noticed Sonja
   361 | D        | Killed Sonja
   361 | D        | Reached skill level 15 in Stealth
   361 | D        | Reached XP level 10. HP: 57/57 MP: 22/26
   373 | D        | Noticed a deep troll
   398 | D        | Found Azxiufad's Armour Emporium.
   419 | D        | Found Icsah's Food Boutique.
   444 | D        | Noticed a shining eye
   444 | D        | Noticed a shining eye
   444 | D        | Noticed a shining eye
   451 | D        | Noticed a shining eye
   451 | D        | Noticed a shining eye
   451 | D        | Noticed a shining eye
   517 | D        | Killed a hog
   517 | D        | Reached ***** piety under Dithmenos
   518 | D        | Killed a hog
   539 | D        | Killed a hog
   541 | D        | Killed a hog
   544 | D        | Killed a hog
   552 | D        | Noticed a 12-headed hydra
   554 | D        | Killed a 12-headed hydra
   554 | D        | Reached skill level 5 in Invocations
   687 | D        | Engulfed by a cloud of steam

Action                   |  1- 3 |  4- 6 |  7- 9 | 10-12 || total
-------------------------+-------+-------+-------+-------++-------
Melee: Dagger            |     4 |     4 |    18 |    20 ||    46
 Cast: Corona            |     2 |       |       |       ||     2
       Ensorcelled Hiber |       |       |     3 |     4 ||     7
       Confuse           |       |       |     1 |     1 ||     2
 Stab: Sleeping          |     2 |     4 |    15 |     7 ||    28
       Confused          |       |       |     1 |       ||     1
